 Dungeon Crawl Stone Soup version 0.28.0-43-g3370ac3207 (webtiles) character file.

Game seed: 15413372468816215151

360 RepoMan the Skirmisher (level 6, -4/56 HPs)
             Began as a Minotaur Hunter on Mar 8, 2022.
             Killed by nerve-wracking pain
             ... invoked by Grinder
              (14 damage)
             ... on level 3 of the Dungeon.
             The game lasted 00:13:59 (2494 turns).

RepoMan the Skirmisher (Minotaur Hunter)            Turns: 2494, Time: 00:14:00

Health: -4/56      AC:  7    Str: 18    XL:     6   Next: 38%
Magic:  5/5        EV: 10    Int:  8    God:
Gold:   107        SH:  0    Dex: 11    Spells: 5/5 levels left

rFire   . . .      SeeInvis +   p - +0 hand axe
rCold   . . .      Faith    .   (no shield)
rNeg    . . .      Spirit   .   g - +0 scale mail
rPois   +          Reflect  .   (helmet restricted)
rElec   .          Harm     .   (no cloak)
rCorr   .          Rampage  .   (no gloves)
Will    .....                   (no boots)
Stlth   ..........              (no amulet)
HPRegen 0.18/turn               i - ring of see invisible
MPRegen 0.09/turn               k - ring of poison resistance

@: mighty
A: horns 2, retaliatory headbutt
a: no special abilities


You were on level 3 of the Dungeon.
You visited 1 branch of the dungeon, and saw 3 of its levels.

You collected 107 gold pieces.

Inventory:

Hand Weapons
 a - a +0 short sword
 j - a +1 dagger of speed
 p - a +0 hand axe (weapon)
Missiles
 b - 48 stones (quivered)
Armour
 g - a +0 scale mail (worn)
Jewellery
 h - a ring of fire
 i - a ring of see invisible (left hand)
 k - a ring of poison resistance (right hand)
Scrolls
 e - 7 scrolls of identify {unknown}
 m - a scroll of enchant weapon {unknown}
 o - a scroll of torment {unknown}
 q - a scroll of silence {unknown}


   Skills:
 - Level 5.6 Fighting
 * Level 4.0 Axes
 - Level 4.0 Throwing
 - Level 4.0 Armour
 - Level 2.1 Dodging
 - Level 0.7 Stealth


You had 5 spell levels left.
You didn't know any spells.
Your spell library was empty.

Dungeon Overview and Level Annotations

Branches:
Dungeon (3/15)

Altars:
Okawaru
Vehumet

Annotations:
D:3 Grinder


Innate Abilities, Weirdness & Mutations

You have a pair of horns on your head.
You reflexively headbutt those who attack you in melee.


Message History

Here: Grinder (severely wounded, entangled in a net)
Items here: a throwing net; a javelin.
The floor.
Unknown command.
Unknown command.
Unknown command.
You hit Grinder. You punch Grinder, but do no damage.
Grinder is severely wounded.
Grinder blinks!
It was a potion of might.
You feel very mighty all of a sudden.
It was a potion of heal wounds.
You feel much better.
Okay, then.
Unknown command.
Okay, then.
Unknown command.
Unknown command.
Unknown command.
Press: ? - help, v - describe, . - travel
Here: Grinder (severely wounded)
The floor.
Unknown command.
Unknown command.
Press: ? - help, v - describe, . - travel, g - get item Item here: a javelin.
The floor.
Unknown command.
Grinder hits you.
You writhe in agony.
You completely miss Grinder. Your headbutt misses Grinder.
Grinder is severely wounded.
Grinder gestures at you. Pain shoots through your body!
* * * LOW HITPOINT WARNING * * *
Unknown command.
Unknown command.
You closely miss Grinder.
Grinder is severely wounded.
Grinder gestures at you. Pain shoots through your body!
You die...

▒▒▒▒▒▒..▒ ▒....▒..▒▒♣♣♣
▒....▒......♣.♣
▒▒▒▒▒....▒.......♣
▒.............P.♣♣
▒..............♣♣
▒.....(((..▒▒▒♣♣
▒....(?()..▒
▒...(.(@...▒
▒..(.(.5...▒ ▒▒▒▒▒▒▒▒▒
▒...(......▒ ▒.......▒
▒..(.......▒▒▒▒▒(......▒
▒..........▒▒..........▒
▒..........▒▒...........
▒..........▒▒..........▒
▒..........▒▒▒▒▒.......▒
▒.......▒


You could see Grinder.

Vanquished Creatures
  Sigmund (D:3)
  A scorpion (D:2)
  A water moccasin skeleton (D:3)
  A hound (D:3)
  2 adders
  2 worms (D:2)
  2 dart slugs
  An orc (D:3)
  2 ball pythons
  5 endoplasms
  A giant cockroach (D:2)
  6 goblins
  4 hobgoblins
  4 jackals (D:2)
  A quokka (D:1)
  3 bats
  A frilled lizard (D:1)
  2 kobolds
  2 rats
  A spectral kobold (D:1)
43 creatures vanquished.

Vanquished Creatures (others)
  A fungus (D:3)
1 creature vanquished.

Grand Total: 44 creatures vanquished

Notes
Turn   | Place    | Note
-------+----------+-------------------------------------------
     0 | D:1      | RepoMan the Minotaur Hunter began the quest for the Orb.
     0 | D:1      | Reached XP level 1. HP: 18/18 MP: 0/0
   125 | D:1      | Reached skill level 3 in Fighting
   184 | D:1      | Reached XP level 2. HP: 25/26 MP: 1/1
   420 | D:1      | Found a faded altar of an unknown god.
   937 | D:2      | Reached skill level 4 in Fighting
   945 | D:2      | Reached skill level 1 in Armour
   975 | D:2      | Reached XP level 3. HP: 11/33 MP: 2/2
  1460 | D:2      | Noticed a scorpion
  1465 | D:2      | Killed a scorpion
  1466 | D:2      | Reached skill level 5 in Fighting
  1466 | D:2      | Reached XP level 4. HP: 42/42 MP: 3/3
  1907 | D:3      | Found a radiant altar of Vehumet.
  1908 | D:3      | Found an iron altar of Okawaru.
  1994 | D:3      | Reached XP level 5. HP: 48/48 MP: 4/4
  2235 | D:3      | Noticed Sigmund
  2247 | D:3      | Killed Sigmund
  2248 | D:3      | Reached XP level 6. HP: 43/56 MP: 5/5
  2462 | D:3      | Noticed Grinder
  2464 | D:3      | Paralysed by Grinder for 6 turns
  2481 | D:3      | Paralysed by Grinder for 3 turns
  2494 | D:3      | Killed from afar by Grinder

Illustrated notes

Levels and vault maps discovered:
D:1:      evilmike_arrival_fibonacci_small, layout_loops_ring,
          dreamdust_ecumenical_altar_drowned_temple, minmay_misc_feat_square
D:2:      layout_basic
D:3:      layout_basic, mainiacjoe_overflow_divided_tiny, uniq_grinder,
          uniq_sigmund, uniq_crazy_yiuf_cottage

Skill      XL: |  1  2  3  4  5  6 |
---------------+-------------------+-----
Fighting       | 3 4 5 |  5.6
Armour         | 1 2 3 4 |  4.0
Axes           | 3 4 |  4.0
Throwing       | |  4.0
Dodging        | |  2.1
Stealth        | |  0.7

Action                   |  1- 3 |  4- 6 || total
-------------------------+-------+-------++-------
Melee: Short sword       |    50 |       ||    50
       Headbutt          |     5 |     6 ||    11
       Dagger            |     2 |     7 ||     9
       Hand axe          |       |    39 ||    39
       Punch             |       |     2 ||     2
Throw: Stone             |    48 |    24 ||    72
       Javelin           |     6 |    11 ||    17
       Throwing net      |     1 |     5 ||     6
Evoke: Wand              |       |     1 ||     1
  Use: Potion            |       |     3 ||     3
 Stab: Sleeping          |     1 |       ||     1
Armor: Ring mail         |     2 |       ||     2
       Scale mail        |    14 |    17 ||    31
Dodge: Dodged            |    22 |    11 ||    33
